 Dungeon Sprint DCSS version 0.30-a0-457-g4b7bca3bfa (webtiles) character file.

Game seed: 16578129948594216273

271666 jt the Eclecticist (level 12, 54/54 HPs)
             Began as a Felid Summoner on Dec 12, 2022.
             Was an Initiate of Gozag.
             Escaped with the Orb!
             The game lasted 00:47:44 (4875 turns).

jt the Eclecticist (Felid Summoner)                 Turns: 4875, Time: 00:47:45

Health: 54/54      AC: 17    Str:  4    XL:     12   Next: 20%
Magic:  37/37      EV: 33    Int: 26    God:    Gozag
Gold:   2305       SH:  0    Dex: 26    Spells: 23/51 levels left
                                        Lives:  1   Deaths: 1

rFire   + . .      SeeInvis +      - Unarmed
rCold   . . .      Faith    .    (shield unavailable)
rNeg    + . .      Spirit   .    (body armour unavailable)
rPois   ∞          Reflect  .    (helmet unavailable)
rElec   +          Harm     .    (cloak unavailable)
rCorr   .          Rampage  .    (gloves unavailable)
Will    +....      NoTele   +    (boots unavailable)
Stlth   +.........               y - amulet of magic regeneration
HPRegen 0.29/turn                n - ring "Emawiyx" {rF+ rN+ Int+6 Dex+8 Stlth-}
MPRegen 0.65/turn                x - ring of wizardry

@: storm-form, blinkbolt cooldown, flying
A: cleaving, insubstantial, flying, very small, (claws 1), (fangs 3), see
invisible, (speed 1), (shaggy fur 3), (stealthy paws), no weapons or thrown
items, no armour, multi-lived
0: Orb of Zot
a: Blinkbolt, End Transformation, Renounce Religion, Potion Petition, Call
Merchant, Bribe Branch


You escaped.
You worshipped Gozag.
Gozag was most pleased with you.
You were a lightning-filled tempest!
You visited 1 branch You collected 11764 gold pieces.
You spent 6734 gold pieces at shops.
You paid 2725 gold pieces to Gozag.

Inventory:

Hand Weapons
 w - the +3 Elemental Staff {rElec rF++ rC++ AC+5}
   (You found it in the Dungeon)

   If the wielder is skilled in Evocations, they can discharge powerful blasts
   of elemental energy when striking with it.
   It enhances your fire, ice, earth and air magic.
   AC:        It affects your AC (+5).
   rF:        It greatly protects you from fire.
   rC:        It greatly protects you from cold.
   rElec:     It insulates you from electricity.
Jewellery
 e - an amulet of reflection
 n - the ring "Emawiyx" (left paw) {rF+ rN+ Int+6 Dex+8 Stlth-}
   (You acquired it in the Dungeon)

   [ring of intelligence]

   Int:       It affects your intelligence (+6).
   Dex:       It affects your dexterity (+8).
   rF:        It protects you from fire.
   rN:        It protects you from negative energy.
   Stlth:     It makes you less stealthy.
 q - a ring of protection from cold
 v - a ring of poison resistance
 x - a ring of wizardry (right paw)
 y - an amulet of magic regeneration (around neck)
Wands
 m - a wand of flame (8)
 o - a wand of digging (4)
 r - a wand of mindburst (16)
 s - a wand of iceblast (11)
Scrolls
 c - 2 scrolls of immolation
 f - a scroll of blinking
 g - 2 scrolls of identify
 i - 2 scrolls of brand weapon
 j - 2 scrolls of poison
 k - a scroll of enchant armour
 u - a scroll of vulnerability
 z - a scroll of fog
 I - a scroll of fear
 J - a scroll of amnesia
 K - a scroll of butterflies
Potions
 h - 2 potions of lignification
 l - 3 potions of mutation
 p - 2 potions of flight
 t - a potion of ambrosia
 A - a potion of brilliance
 B - 6 potions of curing
 C - a potion of berserk rage
 D - a potion of heal wounds
 E - a potion of invisibility
 F - 3 potions of haste
 G - a potion of attraction
 H - a potion of magic
Miscellaneous
 a - a lightning rod (4/4)
 b - a tin of tremorstones (2/2)
 d - a phantom mirror


   Skills:
 - Level 7.0 Fighting
 - Level 8.2 Dodging
 - Level 7.4 Stealth
 + Level 9.4 Unarmed Combat
 + Level 20.0 Spellcasting
 - Level 5.0 Hexes
 - Level 17.6 Summonings
 - Level 6.2 Translocations
 + Level 11.6 Transmutations
 + Level 12.0 Air Magic
 - Level 2.4 Evocations


You had 23 spell levels left.
You knew the following spells:

 Your Spells              Type           Power      Damage    Failure   Level
a - Summon Small Mammal   Summ           100%       N/A       0%          1
b - Call Imp              Summ           87%        N/A       0%          2
c - Call Canine Familiar  Summ           87%        N/A       0%          3
d - Summon Guardian Gole  Hex/Summ       71%        N/A       1%          3
e - Summon Lightning Spi  Summ/Air       80%        N/A       1%          4
f - Passwall              Tmut/Erth      45%        N/A       1%          2
g - Blink                 Tloc           100%       N/A       1%          2
h - Storm Form            Tmut/Air       36%        N/A       4%          7
i - Manifold Assault      Tloc           55%        N/A       1%          4

Your spell library contained the following spells:

 Spells                   Type           Power      Damage    Failure   Level
 Ensorcelled Hibernation  Hex/Ice        78%        N/A       1%          2
 Swiftness                Air            73%        N/A       1%          3


Dungeon Overview and Level Annotations

Branches:
Dungeon (1/1)

Altars:
Cheibriados
Dithmenos
Elyvilon
Fedhas
Gozag
Hepliaklqana
Kikubaaqudgha
Makhleb
Nemelex Xobeh
Okawaru
Qazlal
Ru
Sif Muna
Trog
Uskayaw
Vehumet
Wu Jian
Xom
Yredelemnul
Zin
The Shining One
Jiyva
Lugonu

Shops:
D ?*!***(*?[(=[*=!!!=*[(:

Annotations:
D Tiamat


Innate Abilities, Weirdness & Mutations

You are a lightning-filled tempest!
Your electrical attacks strike out in all directions at once.
You are incredibly evasive.
Your insubstantial body is immune to petrification, constriction, and being set on fire You are flying.
You are immune to poison.
((You have sharp claws.))
((You have razor-sharp teeth.))
You have supernaturally acute eyesight. (SInv)
((You cover ground quickly. (Speed+)))
((Your thick and shaggy fur keeps you warm. (AC +3, rC+)))
((Your paws help you pounce on unaware monsters.))
You are incapable of wielding weapons or throwing items.
You cannot wear armour.
You gain extra lives every three experience levels.


Message History

Press: ? - help, Dir - move target
As you read the scroll of blinking, it crumbles to dust.
Things that are here:
a +2 great sword of flaming; a +2 great sword of flaming You see here a +1 great sword of flaming.
Casting: Manifold Assault (dangerous; 1% risk of failure)
Confirm with . or Enter, or press ? or * to list all spells.
The spell is quite dangerous to miscast (4% risk of failure)!
Continue anyway?
You turn into a lightning-filled tempest!
There is an open door here.
There is an open door here.
You see here a +0 great sword of flaming.
There is an open door, spattered with blood here.
There is an open door here.
You see here a +0 flail.
There is an open door here.
You're in a travel-excluded area, stopping travel.
(D) Dungeon
Where to? (Enter - D @ (x,y), ? - help)
Things that are here:
a +0 robe; a +0 dagger
There is an open door here.
There is an open door here.
There is an open door here.
There is an open door here.
Things that are here:
a +0 robe; a +0 scythe
There is an open door here.
An orange demon comes into view.
There is an open door here.
Aiming: Blinkbolt
Press: ? - help, Dir - move target, f - orange demon
Aim: an orange demon (95% to hit)
The shock of your passage hits the orange demon but does no damage.
You blink.
The orange demon barely misses you. The orange demon completely misses you.
The orange demon closely misses you.
There is a staircase leading out of the dungeon, spattered with blood here.
The orange demon completely misses you.
You have escaped!

##################
#v[#..§..#..'..#__
#..'..#..'[.#..'..
#4)#####'#####'#__
#..####..#...#.###
#..#__####..##.#~§
#..#_____##'#_.'~§
#⌠⌠#_.∩...'.(._#§§
####_".__##_.#'##'
#..#_____###'#.#))


You could see an orange demon.

Vanquished Creatures
  the Lernaean hydra (D)
  A deep elf master archer (D)
  A daeva (D)
  4 fire giants (D)
  A lorocyproca (D)
  A deep elf annihilator (D)
  A mummy priest (D)
  A hydra (D)
  An oklob plant (D)
  A merfolk siren (D)
  4 unseen horrors (D)
  2 demonic crawlers (D)
  2 hornets (D)
  A meliai (D)
  A hog (D)
  A redback (D)
  3 floating eyes (D)
27 creatures vanquished.

Vanquished Creatures (collateral kills)
  Sonja (D)
  A lindwurm (D)
  8 shining eyes (D)
  An oklob plant (D)
  A merfolk siren (D)
  3 unseen horrors (D)
  A demonic crawler (D)
  2 kobold demonologists (D)
  A hellwing (D)
  2 hornets (D)
  A slime creature (D)
  Sigmund (D)
  12 hogs (D)
  A yak (D)
  A redback (D)
  4 floating eyes (D)
  An ogre (D)
  5 necrophages (D)
  6 jellies (D)
  Ijyb (D)
54 creatures vanquished.

Vanquished Creatures (others)
  2 centaur warriors (D)
  A deep troll (D)
  A gargoyle (D)
  A demonic crawler (D)
  A hornet (D)
  2 necrophages (D)
  2 jellies (D)
  2 ballistomycete spores (D)
12 creatures vanquished.

Grand Total: 93 creatures vanquished

Notes
Turn   | Place    | Note
-------+----------+-------------------------------------------
     0 | D        | jt the Felid Summoner began the quest for the Orb.
     0 | D        | Reached XP level 1. HP: 7/7 MP: 4/4
     4 | D        | Noticed Ijyb
    35 | D        | Killed Ijyb
    36 | D        | Reached skill level 4 in Spellcasting
    36 | D        | Reached skill level 5 in Summonings
    36 | D        | Reached XP level 2. HP: 5/11 MP: 4/8
    63 | D        | Learned a level 2 spell: Call Imp
    72 | D        | Noticed an ogre
   119 | D        | Killed an ogre
   120 | D        | Reached skill level 6 in Spellcasting
   120 | D        | Reached XP level 3. HP: 14/14 MP: 4/11
   120 | D        | Reached XP level 4. HP: 18/18 MP: 4/13
   137 | D        | Learned a level 3 spell: Call Canine Familiar
   188 | D        | Noticed Sigmund
   203 | D        | Killed Sigmund
   204 | D        | Reached skill level 8 in Spellcasting
   204 | D        | Reached XP level 5. HP: 21/21 MP: 5/16
   204 | D        | Gained mutation: You are covered in thick fur. (AC +2)
                  | [Felid growth]
   204 | D        | Reached XP level 6. HP: 24/24 MP: 5/18
   222 | D        | Learned a level 3 spell: Summon Guardian Golem
   222 | D        | Found a shimmering blue altar of Sif Muna.
   223 | D        | Found an ornate altar of the Wu Jian Council.
   224 | D        | Found a radiant altar of Vehumet.
   237 | D        | Reached skill level 1 in Fighting
   237 | D        | Reached skill level 1 in Hexes
   266 | D        | Found Olourov's Assorted Antiques.
   266 | D        | Found an ancient bone altar of Kikubaaqudgha.
   266 | D        | Found a hazy altar of Hepliaklqana.
   266 | D        | Found a stormy altar of Qazlal.
   266 | D        | Found a hide-covered altar of Uskayaw.
   266 | D        | Found a blossoming altar of Fedhas.
   266 | D        | Found a bloodstained altar of Trog.
   266 | D        | Found an iron altar of Okawaru.
   266 | D        | Found a basalt altar of Yredelemnul.
   266 | D        | Found a glowing golden altar of the Shining One.
   266 | D        | Found a snail-covered altar of Cheibriados.
   266 | D        | Found a sacrificial altar of Ru.
   266 | D        | Found a glowing silver altar of Zin.
   266 | D        | Found a shadowy altar of Dithmenos.
   266 | D        | Found a white marble altar of Elyvilon.
   266 | D        | Noticed a yak
   278 | D        | Killed a yak
   279 | D        | Reached skill level 10 in Summonings
   282 | D        | Found an opulent altar of Gozag.
   283 | D        | Found a sparkling altar of Nemelex Xobeh.
   287 | D        | Bought a copper wand for 76 gold pieces
   368 | D        | Became a worshipper of Gozag Ym Sagoz the Greedy
   371 | D        | Bought a blackened beryl amulet for 95 gold pieces
   374 | D        | Bought 2 scrolls labelled TIDIAR ERANUOJ for 38 gold pieces
   374 | D        | Bought a scroll labelled TIDIAR ERANUOJ for 19 gold pieces
   374 | D        | Bought a sapphire potion for 17 gold pieces
   390 | D        | Learned a level 4 spell: Summon Lightning Spire
   393 | D        | Found a burning altar of Makhleb.
   393 | D        | Found a viscous altar of Jiyva.
   393 | D        | Found a shimmering altar of Xom.
   393 | D        | Found a corrupted altar of Lugonu.
   393 | D        | Noticed a slime creature
   399 | D        | Killed a slime creature
   400 | D        | Reached skill level 5 in Dodging
   400 | D        | Reached skill level 9 in Spellcasting
   400 | D        | Reached skill level 5 in Hexes
   400 | D        | Reached XP level 7. HP: 31/31 MP: 12/21
   417 | D        | Noticed a kobold demonologist
   418 | D        | Noticed a kobold demonologist
   418 | D        | Paralysed by a floating eye for 4 turns
   423 | D        | Noticed a rust devil
   425 | D        | Noticed a red devil
   432 | D        | Noticed a neqoxec
   436 | D        | Noticed an orange demon
   437 | D        | Killed a kobold demonologist
   438 | D        | Reached skill level 5 in Fighting
   438 | D        | Reached skill level 10 in Spellcasting
   438 | D        | Killed a kobold demonologist
   439 | D        | Reached skill level 5 in Air Magic
   439 | D        | Reached XP level 8. HP: 37/37 MP: 11/23
   465 | D        | Noticed Sonja
   472 | D        | Killed Sonja
   473 | D        | Reached skill level 11 in Spellcasting
   492 | D        | Found Narocop's Magic Scroll Boutique.
   569 | D        | Noticed a shining eye
   569 | D        | Noticed a shining eye
   569 | D        | Noticed a shining eye
   577 | D        | Noticed a shining eye
   579 | D        | Paralysed by a floating eye for 4 turns
   581 | D        | Killed a shining eye
   582 | D        | Reached skill level 12 in Spellcasting
   582 | D        | Reached XP level 9. HP: 40/40 MP: 13/26
   582 | D        | Killed a shining eye
   585 | D        | Killed a shining eye
   586 | D        | Reached skill level 13 in Spellcasting
   598 | D        | Killed a shining eye
   599 | D        | Noticed a shining eye
   599 | D        | Noticed a shining eye
   602 | D        | Killed a shining eye
   603 | D        | Reached skill level 15 in Summonings
   603 | D        | Reached XP level 10. HP: 44/44 MP: 14/28
   604 | D        | Reached skill level 14 in Spellcasting
   620 | D        | Killed a shining eye
   622 | D        | Paralysed by a floating eye for 3 turns
   695 | D        | Noticed a shining eye
   695 | D        | Noticed a shining eye
   722 | D        | Killed a shining eye
   753 | D        | Killed a shining eye
   777 | D        | Found Tademumn's Assorted Antiques.
   777 | D        | Found Emalerch's Distillery.
   778 | D        | Found Nuak's Assorted Antiques.
   778 | D        | Found Dulonuyfor's Assorted Antiques.
   781 | D        | Bought a scroll labelled MOHUEGEICU for 30 gold pieces
   781 | D        | Bought a scroll labelled TIDIAR ERANUOJ for 30 gold pieces
   781 | D        | Bought a scroll labelled TIDIAR ERANUOJ for 30 gold pieces
   781 | D        | Bought a scroll labelled WOSMEB OLAGHU for 30 gold pieces
   781 | D        | Bought a scroll labelled TIDIAR ERANUOJ for 30 gold pieces
   783 | D        | Bought a scroll labelled INUN KOKOZY for 16 gold pieces
   783 | D        | Bought 3 scrolls labelled TIDIAR ERANUOJ for 48 gold pieces
   783 | D        | Bought a viscous red potion for 14 gold pieces
   783 | D        | Bought a scroll labelled TIDIAR ERANUOJ for 16 gold pieces
   783 | D        | Bought a crooked copper wand for 64 gold pieces
   792 | D        | Bought a scroll labelled WOSMEB OLAGHU for 26 gold pieces
   805 | D        | Bought a scroll of acquirement for 572 gold pieces
   806 | D        | Acquired the ring "Emawiyx" {rF+ rN+ Int+6 Dex+8 Stlth-}
   853 | D        | Noticed a deep troll
   859 | D        | Killed a deep troll
   860 | D        | Reached skill level 15 in Spellcasting
   914 | D        | Found Pocvonam's Armour Emporium.
   936 | D        | Noticed a centaur warrior
   936 | D        | Noticed a centaur warrior
   945 | D        | Killed a centaur warrior
   963 | D        | Killed a centaur warrior
  1075 | D        | Reached skill level 16 in Spellcasting
  1132 | D        | Noticed an oklob plant
  1138 | D        | Killed an oklob plant
  1205 | D        | Reached XP level 11. HP: 46/48 MP: 24/32
  1267 | D        | Reached skill level 5 in Stealth
  1310 | D        | Found Huisuon's Jewellery Boutique.
  1310 | D        | Found Lejab's Weapon Emporium.
  1310 | D        | Found Zeydahea's General Store.
  1316 | D        | Found Piwu's Distillery.
  1316 | D        | Found Sealekem's Distillery.
  1316 | D        | Found Teczo's Distillery.
  1316 | D        | Found Deulo's Jewellery Emporium.
  1316 | D        | Found Noafup's Assorted Antiques.
  1316 | D        | Found Moqetwash's Armour Shoppe.
  1316 | D        | Found Lamnim's Antique Weapon Shop.
  1442 | D        | Found Paico's General Store.
  1442 | D        | Found Naugam's Weapon Shop.
  1442 | D        | Found Fodwesietz's Magic Scroll Boutique.
  1444 | D        | Found Qofudaet's Antique Armour Emporium.
  1451 | D        | Bought a tapered glass wand for 88 gold pieces
  1451 | D        | Bought a scroll labelled MOHUEGEICU for 22 gold pieces
  1451 | D        | Bought a puce potion for 19 gold pieces
  1451 | D        | Bought a viscous pink potion for 19 gold pieces
  1453 | D        | Bought a potion of heal wounds for 55 gold pieces
  1453 | D        | Bought a potion of curing for 33 gold pieces
  1455 | D        | Bought a potion of heal wounds for 60 gold pieces
  1456 | D        | Bought a potion of mutation for 80 gold pieces
  1469 | D        | Bought a scroll of blinking for 90 gold pieces
  1469 | D        | Bought a scroll of identify for 24 gold pieces
  1510 | D        | Bought a shiny diamond ring for 95 gold pieces
  1545 | D        | Bought an Inescapable Atlas for 544 gold pieces
  1545 | D        | Bought a book of Burglary for 340 gold pieces
  1549 | D        | Learned a level 2 spell: Passwall
  1567 | D        | Learned a level 2 spell: Blink
  1575 | D        | Learned a level 7 spell: Storm Form
  1582 | D        | Noticed a lindwurm
  1586 | D        | Killed a lindwurm
  1587 | D        | Reached skill level 1 in Transmutations
  1668 | D        | Reached skill level 1 in Evocations
  1777 | D        | Bought a ring of wizardry for 360 gold pieces
  1846 | D        | Noticed a 12-headed hydra
  1861 | D        | Killed a 12-headed hydra
  1862 | D        | Reached skill level 5 in Transmutations
  1953 | D        | Learned a level 4 spell: Manifold Assault
  1966 | D        | Bought a manual of Spellcasting for 1360 gold pieces
  2008 | D        | Bought an amulet of magic regeneration for 420 gold pieces
  2074 | D        | Noticed a daeva
  2086 | D        | Reached skill level 1 in Translocations
  2088 | D        | Reached skill level 17 in Spellcasting
  2090 | D        | Reached skill level 1 in Unarmed Combat
  2353 | D        | Reached skill level 5 in Translocations
  2362 | D        | Noticed a deep elf annihilator
  2541 | D        | Noticed a sun demon
  2542 | D        | Noticed a shadow wraith
  2552 | D        | Killed a deep elf annihilator
  2643 | D        | Gained mutation: Your thick and shaggy fur keeps you warm.
                  | (AC +3, rC+) [Felid growth]
  2643 | D        | Reached XP level 12. HP: 54/54 MP: 21/34
  2655 | D        | Reached skill level 18 in Spellcasting
  2660 | D        | Reached skill level 5 in Unarmed Combat
  2707 | D        | Noticed a lorocyproca
  2721 | D        | Killed a lorocyproca
  2888 | D        | Noticed a mummy priest
  2910 | D        | Killed a mummy priest
  2911 | D        | Reached skill level 10 in Air Magic
  2925 | D        | Killed from afar by an oklob plant
  2926 | D        | Reached XP level 11. HP: -5/50 MP: 28/34
  2930 | D        | Killed an oklob plant
  2948 | D        | Noticed the 27-headed Lernaean hydra
  2968 | D        | Killed the 27-headed Lernaean hydra
  2969 | D        | Reached skill level 19 in Spellcasting
  3048 | D        | Noticed a deep elf master archer
  3059 | D        | Killed a deep elf master archer
  3060 | D        | Reached skill level 10 in Transmutations
  3189 | D        | Bought a ring of protection from cold for 350 gold pieces
  3302 | D        | Found the +3 Elemental Staff {rElec rF++ rC++ AC+5}
  4226 | D        | Killed a daeva
  4269 | D        | Noticed a fire giant
  4274 | D        | Noticed a fire giant
  4278 | D        | Killed a fire giant
  4279 | D        | Killed a fire giant
  4280 | D        | Reached XP level 12. HP: 15/54 MP: 8/36
  4404 | D        | Noticed a fire giant
  4416 | D        | Killed a fire giant
  4438 | D        | Noticed a fire giant
  4449 | D        | Killed a fire giant
  4450 | D        | Reached skill level 20 in Spellcasting
  4544 | D        | Bought a potion of curing for 36 gold pieces
  4544 | D        | Bought a potion of mutation for 96 gold pieces
  4544 | D        | Bought a potion of curing for 36 gold pieces
  4544 | D        | Bought a potion of berserk rage for 60 gold pieces
  4545 | D        | Bought a potion of heal wounds for 70 gold pieces
  4545 | D        | Bought 2 potions of curing for 84 gold pieces
  4545 | D        | Bought a potion of curing for 42 gold pieces
  4545 | D        | Bought a potion of invisibility for 112 gold pieces
  4545 | D        | Bought a potion of haste for 140 gold pieces
  4545 | D        | Bought a potion of curing for 42 gold pieces
  4545 | D        | Bought a potion of attraction for 42 gold pieces
  4595 | D        | Bought 2 potions of haste for 520 gold pieces
  4597 | D        | Bought a potion of magic for 80 gold pieces
  4597 | D        | Bought a potion of flight for 30 gold pieces
  4649 | D        | Bought a scroll of fear for 48 gold pieces
  4649 | D        | Bought a scroll of amnesia for 48 gold pieces
  4694 | D        | Bought a scroll of blinking for 82 gold pieces
  4739 | D        | Bought a scroll of butterflies for 56 gold pieces
  4816 | D        | Got the Orb of Zot
  4816 | D        | Found the +4 dragonskin cloak
  4816 | D        | Noticed Tiamat
  4875 | D        | Escaped with the Orb!

Illustrated notes

Levels and vault maps discovered:
D:        dungeon_sprint_1 [red_sonja_temple_1, red_sonja_temple_small_1]

Skill      XL: |  1  2  3  4  5  6  7  8  9 10 11 12 |
---------------+-------------------------------------+-----
Spellcasting   | 4 6 8 9 10 12 13 16 19 20 | 20.0
Summonings     | 5 7 9 10 11 13 15 17 | 17.6
Fighting       | 3 5 7 |  7.0
Dodging        | 5 8 |  8.2
Hexes          | 5 |  5.0
Air Magic      | 2 5 7 11 12 | 12.0
Stealth        | 4 7 |  7.4
Transmutations | 11 8 | 11.6
Evocations     | 2 |  2.4
Translocations | 6 |  6.2
Unarmed Combat | 8 9 |  9.4

Action                   |  1- 3 |  4- 6 |  7- 9 | 10-12 || total
-------------------------+-------+-------+-------+-------++-------
Melee: Unarmed           |     7 |       |       |   205 ||   212
       Bite              |     1 |       |       |     9 ||    10
       Punch             |       |       |       |     5 ||     5
 Cast: Summon Small Mamm |    14 |     4 |     4 |     3 ||    25
       Call Imp          |     4 |     4 |     1 |    10 ||    19
       Call Canine Famil |       |     3 |     2 |    27 ||    32
       Summon Guardian G |       |     3 |     2 |    19 ||    24
       Summon Lightning  |       |       |     4 |    27 ||    31
       Manifold Assault  |       |       |       |   101 ||   101
       Storm Form        |       |       |       |    24 ||    24
       Passwall          |       |       |       |    18 ||    18
       Blink             |       |       |       |     1 ||     1
Invok: Call Merchant     |       |       |       |     2 ||     2
       Potion Petition   |       |       |       |     3 ||     3
 Abil: Blinkbolt         |       |       |       |     2 ||     2
Evoke: Wand              |       |       |       |     7 ||     7
       Tin of tremorston |       |       |       |     2 ||     2
  Use: Potion            |     5 |       |       |    13 ||    18
       Scroll            |       |       |       |    16 ||    16
 Stab: Distracted        |       |       |       |     3 ||     3
       Sleeping          |       |       |       |     3 ||     3
Armor: Skin              |       |       |       |    16 ||    16
Dodge: Dodged            |     7 |       |     5 |   114 ||   126

Table legend: (Time is in decaauts)
 A = Elapsed time spent in this place.
 B = Non-inter-level travel time spent in this place.
 C = Inter-level travel time spent in this place.
 D = Time resting spent in this place.
 E = Time spent auto-exploring this place.
 F = Levels seen in this place.
 G = Mean time per level.
                   A        B        C        D        E       F      G
               +--------+--------+--------+--------+--------+-----+--------+
         Total |   4576 |   3968 |    608 |   1631 |      0 |   1 | 4576.0 |
       Dungeon |   4576 |   3968 |    608 |   1631 |      0 |   1 | 4576.0 |
               +--------+--------+--------+--------+--------+-----+--------+

Top non-repeatable levels by time:
       D: 4576 daAuts
